Match 47260670
Unlisted

Match 47260670
End
Vickers Machine Gun Team
Construct Section Command Post
ML 3-inch Mortar Team
Infantry Section
Infantry Section
Construct Field Infirmary
Dingo Light Scout Car
Grenade Package
Construct Platoon Command Post
Unlock M3 Stuart Light Tanks
Selects Indian Artillery Battlegroup
Selects Valour
Selects Gurkha Rifles Section
Gurkha Rifles Section
6-pounder Anti-tank Gun Team
M3 Stuart Light Tank
Selects Artillery Saturation
Vickers Machine Gun Team
Royal Engineer Section
Construct Company Command Post
Selects Pillage
6-pounder Anti-tank Gun Team
Armored Vehicle Training
Selects Off-map Airburst Barrage
6-pounder Anti-tank Gun Team
Off-map Airburst Barrage
Royal Engineer Section
Off-map Airburst Barrage
Selects Perimeter Monitor
Unlock M3 Grant Medium Tanks
M3 Grant Medium Tank
Foot Guards Section
Perimeter Monitor
M3 Grant Medium Tank
Off-map Airburst Barrage
Royal Engineer Section
Infantry Training
Off-map Airburst Barrage
M3 Grant Medium Tank
Gurkha Rifles Section
Matilda II Heavy Tank
KubaPJCZ
Traders
sameenhassan10
Logan5
Battle Potato
James-B-C
0
0

Comments sign in to comment!

No comments posted yet!